[Event "Team 45 45 League T44"]
[Site "Internet Chess Club"]
[Date "2010.02.19"]
[Round "3"]
[White "j65536d"]
[Black "Constrictor"]
[Result "0-1"]
[WhiteElo "1701"]
[BlackElo "1870"]
[Opening "Caro-Kann: classical, Maróczy attack"]
[ECO "B18"]
[Time "19:58:39"]
[TimeControl "2700+45"]

1. e4 c6 2. d4 d5 3. Nc3 dxe4 4. Nxe4 Bf5 5. Ng3 Bg6 6. f4 h5 7. Bc4 h4 8. N3e2
Be4 9. Nf3 Bxf3 10. gxf3 e6 11. Qd3 Nd7 12. f5 e5 13. Qb3 Qe7 14. Qxb7 Qb4+ 15.
Qxb4 Bxb4+ 16. c3 Bd6 17. Be3 Ne7 18. Bd3 Nd5 19. Bf2 Rb8 20. O-O-O a5 21. Be4
N7b6 22. dxe5 Bxe5 23. Bxb6 Nxb6 24. Bxc6+ Ke7 25. Nd4 Kf6 26. h3 Nc4 27. b3
Bf4+ 28. Kb1 Ne3 29. Rd3 Nxf5 30. Ne2 Ng3 31. Re1 Nxe2 32. Rxe2 Rbd8 33. Bb5
Rxd3 34. Bxd3 Rd8 35. Kc2 Rd5 36. Re4 g5 37. a3 Bc7 38. Rb4 axb4 39. axb4 Ke5
40. Be4 Rb5 41. Kd3 Kf4 42. Kc4 Rb8 43. b5 Kg3 44. Bf5 Kxf3 45. Kc5 Kf4 46. Bg4
f5 47. Be2 g4 {White resigns} 0-1

[Event "Team 45 45 League T44"]
[Site "Internet Chess Club"]
[Date "2010.02.18"]
[Round "3"]
[White "Chess2Play"]
[Black "ghostfire"]
[Result "0-1"]
[WhiteElo "1705"]
[BlackElo "1778"]
[Opening "QGD Slav defense"]
[ECO "D18"]
[Time "21:02:35"]
[TimeControl "2700+45"]

1. d4 d5 2. c4 c6 3. Nc3 dxc4 4. a4 Nf6 5. e3 Bf5 6. Bxc4 e6 7. Nf3 Bb4 8. Bd3
Bxd3 9. Qxd3 Nbd7 10. O-O Nc5 11. Qc4 Na6 12. Ne5 O-O 13. Rd1 Qc7 14. Qe2 Bd6
15. f4 Nb4 16. b3 Nbd5 17. Nxd5 Nxd5 18. Ba3 Bxa3 19. Rxa3 Nc3 20. Qd3 Nxd1 21.
Qxd1 Rad8 22. Qc2 Qa5 23. Kf2 f6 24. Nd3 e5 25. Nc5 Rf7 26. b4 Qb6 27. a5 Qb5
28. Ne6 Rd6 29. Nc5 exd4 30. Ne4 dxe3+ 31. Rxe3 Re6 32. Qb3 Qd5 33. Qxd5 cxd5
34. Nc5 Rxe3 35. Kxe3 b6 36. axb6 axb6 37. Na4 Re7+ 38. Kd4 Re4+ 39. Kxd5 Rxb4
40. Nc3 Rxf4 41. Kc6 Rf2 42. Kxb6 Rxg2 43. Nd5 Rxh2 44. Kc6 Kf7 45. Nf4 g5 46.
Nd5 g4 {White resigns} 0-1

[Event "Team 45 45 League T44"]
[Site "Internet Chess Club"]
[Date "2010.02.21"]
[Round "3"]
[White "Monsieur"]
[Black "dscvdchk"]
[Result "1-0"]
[WhiteElo "1567"]
[BlackElo "1576"]
[Opening "Two knights defense"]
[ECO "C55"]
[Time "12:00:56"]
[TimeControl "2700+45"]

1. e4 e5 2. Bc4 Nf6 3. Nf3 Nc6 4. O-O Bc5 5. Bb3 Nxe4 6. Bxf7+ Kxf7 7. Nxe5+
Nxe5 8. d4 Be7 9. dxe5 d5 10. b3 Rf8 11. c4 Be6 12. Bb2 Kg8 13. cxd5 Qxd5 14.
Qe2 Rad8 15. Ba3 Bxa3 16. Nxa3 Qxe5 17. Rae1 Bd5 18. Nc4 Qg5 19. f3 Nf6 20. Ne5
Nh5 21. Ng4 Nf4 22. Qc2 c6 23. Re5 Qg6 24. Qxg6 Nxg6 25. Rg5 Nh4 26. f4 Nxg2 27.
f5 Nh4 28. f6 g6 29. Ne5 h6 30. Rg3 Kh7 31. Rf4 Nf5 32. Rxf5 gxf5 33. Rg7+ Kh8
34. Ng6# {Black checkmated} 1-0

[Event "Team 45 45 League T44"]
[Site "Internet Chess Club"]
[Date "2010.02.18"]
[Round "3"]
[White "imgr8"]
[Black "Merciful"]
[Result "1/2-1/2"]
[WhiteElo "2041"]
[BlackElo "2160"]
[Opening "Caro-Kann: Panov-Botvinnik attack"]
[ECO "B13"]
[Time "18:01:01"]
[TimeControl "2700+45"]

1. e4 c6 2. d4 d5 3. exd5 cxd5 4. c4 Nf6 5. Nc3 Nc6 6. Nf3 Bg4 7. cxd5 Nxd5 8.
Qb3 Bxf3 9. gxf3 Nb6 10. d5 Nd4 11. Bb5+ Nd7 12. Qd1 Nxb5 13. Nxb5 Qa5+ 14. Nc3
g6 15. Be3 Bg7 16. Qb3 O-O 17. O-O Ne5 18. Kg2 Qa6 19. Rfd1 Qf6 20. f4 Ng4 21.
Ne4 Qh4 22. h3 Nh6 23. Ng3 Qf6 24. Qxb7 Nf5 25. Nxf5 Qxf5 26. Qxe7 Rfe8 27. Qg5
Qe4+ 28. Kg1 Rad8 29. Qg2 Qb4 30. Rab1 Qa4 31. a3 Bxb2 32. Rd3 Qc2 33. Rbd1 Bxa3
34. R1d2 Qc1+ 35. Rd1 Qc2 36. Bxa7 Re1+ 37. Rxe1 Qxd3 38. Re3 Qd1+ 39. Kh2 Bc1
40. Re4 Qxd5 41. Re8+ Kg7 42. Re4 Bb2 43. Be3 {Game drawn by mutual agreement}
1/2-1/2

[Event "Team 45 45 League T44"]
[Site "Internet Chess Club"]
[Date "2010.02.22"]
[Round "3"]
[White "MeoPatacca"]
[Black "jefferyx"]
[Result "0-1"]
[WhiteElo "1867"]
[BlackElo "2126"]
[Opening "Queen's pawn: London system"]
[ECO "A45"]
[Time "16:30:40"]
[TimeControl "2700+45"]

1. d4 Nf6 2. Bf4 e6 3. e3 b6 4. c3 Bb7 5. Nf3 d6 6. Nbd2 Nbd7 7. Bd3 g6 8. h3
Bg7 9. O-O O-O 10. e4 e5 11. dxe5 dxe5 12. Bg5 Qe7 13. Qe2 h6 14. Bh4 g5 15. Bg3
Nh5 16. Bh2 Nf4 17. Bxf4 exf4 18. Ba6 Bxa6 19. Qxa6 Nc5 20. Qc4 Rad8 21. Rab1
Rfe8 22. Rfe1 Kh8 23. Nd4 Qf6 24. f3 Ne6 25. N2b3 c5 26. Nf5 Bf8 27. Rbd1 Nc7
28. Qe2 Rxd1 29. Qxd1 Rd8 30. Qe2 a5 31. Rd1 a4 32. Rxd8 Qxd8 33. Qd2 Qxd2 34.
Nxd2 b5 35. c4 b4 36. b3 a3 37. Kf2 Ne6 38. Ke2 Bg7 39. Nf1 Bc3 40. Kd3 Kh7 41.
Nd2 Bxd2 42. Kxd2 Kg6 43. Ke2 Kf6 44. Kd2 h5 45. Ke2 Ke5 46. Kd3 f6 47. h4 Nf8
48. hxg5 fxg5 49. Ne7 g4 50. fxg4 hxg4 51. Nc6+ Kd6 52. Nd8 Ne6 53. e5+ Kxe5 54.
Nxe6 Kxe6 55. Ke4 f3 56. gxf3 g3 {White resigns} 0-1

[Event "Team 45 45 League T44"]
[Site "Internet Chess Club"]
[Date "2010.02.22"]
[Round "3"]
[White "whale5970"]
[Black "MegaFish"]
[Result "1-0"]
[WhiteElo "1713"]
[BlackElo "1773"]
[Opening "English opening"]
[ECO "A20"]
[Time "13:00:17"]
[TimeControl "2700+45"]

1. c4 e5 2. a3 f5 3. b4 Nf6 4. Bb2 d6 5. e3 Be7 6. Be2 O-O 7. Nc3 c6 8. Nf3 Qe8
9. Qc2 Nbd7 10. Qxf5 Nb6 11. Qc2 Be6 12. Na2 Ng4 13. Bd3 Qh5 14. h3 Nxf2 15.
Kxf2 d5 16. Bxh7+ Kh8 17. Qg6 Qxh7 18. Qxh7+ Kxh7 19. cxd5 cxd5 20. Bxe5 Nc4 21.
Bc3 Bd6 22. Nc1 Ne5 23. Ke2 Nxf3 24. gxf3 Rac8 25. Nd3 b6 26. Rag1 Rf7 27. Ne5
Rfc7 28. Nd3 Rf8 29. Be5 Bxe5 30. Nxe5 Rc2 31. Rc1 Ra2 32. Ra1 Rb2 33. Nd3 Rc2
34. Rhc1 Rfc8 35. Rxc2 Rxc2 36. Nf4 Bf7 37. Kd3 Rc4 38. Rg1 Kh6 39. h4 a5 40.
bxa5 Ra4 41. axb6 Rxa3+ 42. Ke2 Rb3 43. Rg5 Rxb6 44. Nxd5 Rb1 45. Nf4 Rh1 46.
Rg3 Rh2+ 47. Kd3 Be8 48. e4 Bb5+ 49. Ke3 Rh1 50. d3 Kh7 51. e5 Kg8 52. h5 Kf7
53. e6+ Kf8 54. Kd4 Be8 55. Ng6+ Kg8 56. Ne7+ Kf8 57. Nf5 Bxh5 58. e7+ Ke8 59.
Rxg7 Ra1 60. Rg8+ Kd7 61. Rd8+ Ke6 62. Ke4 Re1+ 63. Kf4 Kf7 64. e8=Q+ Rxe8 65.
Rxe8 {Black resigns} 1-0

[Event "Team 45 45 League T44"]
[Site "Internet Chess Club"]
[Date "2010.02.21"]
[Round "3"]
[White "GreatBendini"]
[Black "Walker42"]
[Result "0-1"]
[WhiteElo "1771"]
[BlackElo "1720"]
[Opening "Scotch game"]
[ECO "C45"]
[Time "18:21:50"]
[TimeControl "2700+45"]

1. e4 e5 2. Nf3 Nc6 3. d4 exd4 4. Nxd4 Bc5 5. Nxc6 bxc6 6. Bd3 Qh4 7. Qe2 Nf6 8.
Nd2 Ng4 9. Nf3 Qxf2+ 10. Qxf2 Nxf2 11. Rf1 Nxd3+ 12. cxd3 Ba6 13. Ne5 f6 14. Nc4
d5 15. Na5 Bxd3 16. Rf3 Bxe4 17. Rg3 g6 18. Nxc6 Kd7 19. Na5 Bb4+ 20. Bd2 Bxd2+
21. Kxd2 Rab8 22. Nb3 Kd6 23. Kc3 c5 24. Rd1 d4+ 25. Kd2 Bd5 26. Kc1 Bxb3 27.
axb3 Rb4 28. Rdd3 Rhb8 29. Kc2 f5 30. Rh3 R8b7 31. Rh4 Re7 32. Kd2 Reb7 33. Kc2
Re7 34. Kd2 h5 35. Rhh3 Ke6 36. Rhg3 Kf6 37. h4 Re4 38. Rh3 a5 39. g3 Rb8 40.
Rh1 Rbe8 41. Rh2 Re3 42. Rf2 R8e4 43. Rg2 Ke5 44. Rf2 Kd5 45. Rf4 Rxf4 46. gxf4
Ke4 47. Rxe3+ dxe3+ 48. Ke2 Kxf4 {White resigns} 0-1

[Event "Team 45 45 League T44"]
[Site "Internet Chess Club"]
[Date "2010.02.23"]
[Round "3"]
[White "QueensCounselor"]
[Black "Ser-Enigma"]
[Result "1/2-1/2"]
[WhiteElo "2091"]
[BlackElo "2120"]
[Opening "Budapest: Adler variation"]
[ECO "A52"]
[Time "13:01:09"]
[TimeControl "2700+45"]

1. d4 Nf6 2. c4 e5 3. dxe5 Ng4 4. Nf3 Bc5 5. e3 Nc6 6. Be2 O-O 7. O-O Ngxe5 8.
Nbd2 a5 9. Nxe5 Nxe5 10. Nf3 Re8 11. Bd2 Nxf3+ 12. Bxf3 d6 13. Bc3 c6 14. Bg4
Qg5 15. Bxc8 Raxc8 16. Qf3 a4 17. Qg3 Qxg3 {Game drawn by mutual agreement}
1/2-1/2

[Event "Team 45 45 League T44"]
[Site "Internet Chess Club"]
[Date "2010.02.19"]
[Round "3"]
[White "mcplayerus"]
[Black "jonesey"]
[Result "1-0"]
[WhiteElo "2083"]
[BlackElo "1937"]
[Opening "Queen's pawn: Charlick (Englund) gambit"]
[ECO "A40"]
[Time "14:00:17"]
[TimeControl "2700+45"]

1. d4 e5 2. dxe5 Nc6 3. Nf3 d6 4. e4 Nxe5 5. Nxe5 dxe5 6. Qxd8+ Kxd8 7. Bc4 f6
8. Be3 Bb4+ 9. c3 Ba5 10. Na3 Bb6 11. O-O-O+ Ke7 12. Rhe1 c6 13. Rd2 Bxe3 14.
Rxe3 b5 15. Bb3 Bd7 16. Red3 Be8 17. Nc2 Nh6 18. Ne3 g6 19. a4 a6 20. Rd6 bxa4
21. Ba2 Nf7 22. Re6+ Kf8 23. Rxf6 Kg7 24. Re6 h5 25. Nc4 Rd8 26. Rxd8 Nxd8 27.
Rxe5 Bf7 28. Ra5 Nb7 29. Rxa6 Nc5 30. Ra7 Kg8 31. Ra8+ Kg7 32. Rxh8 Kxh8 33. f3
Nd3+ 34. Kb1 Ne1 35. Ne3 Bb3 36. Ka1 Kg7 37. f4 Nd3 38. g3 Kf6 39. Bb1 Ne1 40.
e5+ Kf7 41. Be4 c5 42. Kb1 c4 43. Kc1 {Black resigns} 1-0

[Event "Team 45 45 League T44"]
[Site "Internet Chess Club"]
[Date "2010.02.23"]
[Round "3"]
[White "fledermaus"]
[Black "AronT"]
[Result "0-1"]
[WhiteElo "1910"]
[BlackElo "1972"]
[Opening "Nimzo-Indian: classical variation"]
[ECO "E32"]
[Time "07:07:16"]
[TimeControl "2700+45"]

1. d4 Nf6 2. c4 e6 3. Nc3 Bb4 4. Qc2 O-O 5. e4 d5 6. e5 Ne4 7. a3 Bxc3+ 8. bxc3
c5 9. Bd3 Nc6 10. Ne2 cxd4 11. cxd4 Qa5+ 12. Kf1 Nb4 13. axb4 Qxa1 14. f3 f5 15.
Qb1 Qa4 16. Ke1 a5 17. fxe4 fxe4 18. Bc2 Qxb4+ 19. Qxb4 axb4 20. cxd5 exd5 21.
Rf1 Rxf1+ 22. Kxf1 Be6 23. Kf2 Kf7 24. Bb3 Ra1 25. h3 Ke7 26. Bd2 Rb1 27. Nc1
Kd8 28. Ke2 Rb2 29. g4 Kc7 30. Kd1 Kc6 31. Bxb4 Rh2 32. Ba4+ b5 33. Bc2 Rxh3 34.
g5 Rh1+ 35. Kd2 e3+ 36. Kxe3 Rxc1 37. Bxh7 Rg1 38. Be7 Rg4 39. g6 Bf5 40. Kf3
Rxd4 41. Bf8 b4 42. Bxg7 b3 43. e6 Re4 44. Bb2 Rxe6 45. Bg8 Rxg6 46. Bh7 Be4+
47. Kf4 Rg2 {White resigns} 0-1

[Event "Team 45 45 League T44"]
[Site "Internet Chess Club"]
[Date "2010.02.21"]
[Round "3"]
[White "smitty120"]
[Black "whitetiger"]
[Result "1-0"]
[WhiteElo "1949"]
[BlackElo "1863"]
[Opening "Sicilian"]
[ECO "B56"]
[Time "20:00:27"]
[TimeControl "2700+45"]

1. e4 c5 2. Nf3 d6 3. d4 cxd4 4. Nxd4 Nf6 5. Nc3 Bd7 6. f4 Nc6 7. Be2 Qb6 8. Nb3
e6 9. a3 a6 10. Qd3 Rd8 11. Be3 Qc7 12. O-O Na5 13. f5 Nxb3 14. cxb3 Be7 15.
Rac1 Bc6 16. fxe6 fxe6 17. Qc4 d5 18. exd5 exd5 19. Qd4 O-O 20. b4 Bd6 21. Bf4
Bxf4 22. Rxf4 Rfe8 23. Rcf1 Qe7 24. R1f3 Qe5 25. b5 axb5 26. Qxe5 Rxe5 27. Bxb5
Re1+ 28. Kf2 Rc1 29. Bxc6 bxc6 30. Rb4 d4 31. Rd3 c5 32. Rb7 Rc2+ 33. Kf3 c4 34.
Rd1 d3 35. Rb4 Nd5 36. Nxd5 Rxd5 37. a4 Re5 38. b3 Ree2 39. Rxc4 Rf2+ 40. Ke3
Rxg2 41. Rxd3 Rxc4 42. bxc4 Rxh2 43. Rc3 Ra2 44. c5 Rxa4 45. c6 Ra8 46. c7 Rc8
47. Kd4 Kf7 48. Kd5 Ke7 49. Kc6 Rxc7+ 50. Kxc7 Kf6 51. Kd6 h5 52. Rh3 g6 53.
Rf3+ Kg5 54. Ke5 h4 55. Ke4 Kg4 56. Ke3 h3 57. Kf2 g5 58. Rf8 Kh4 59. Rh8+ Kg4
60. Ra8 Kh4 61. Kg1 g4 62. Ra4 Kg3 63. Ra3+ Kf4 64. Kh2 Kg5 65. Kg3 {Black
resigns} 1-0

[Event "Team 45 45 League T44"]
[Site "Internet Chess Club"]
[Date "2010.02.21"]
[Round "3"]
[White "jericho121"]
[Black "arconia"]
[Result "0-1"]
[WhiteElo "1501"]
[BlackElo "1360"]
[Opening "Sicilian: Nimzovich-Rossolimo attack (without ...d6)"]
[ECO "B30"]
[Time "07:00:06"]
[TimeControl "2700+45"]

1. e4 c5 2. Nf3 Nc6 3. Bb5 e6 4. c4 Nf6 5. Nc3 d6 6. O-O Be7 7. d4 cxd4 8. Nxd4
O-O 9. Bxc6 e5 10. Bd5 exd4 11. Qxd4 a6 12. f3 Qc7 13. Be3 Be6 14. a4 Nh5 15. b3
Bf6 16. Qd3 Bxc3 17. Qxc3 Bxd5 18. exd5 f5 19. Kh1 Qe7 20. Rfe1 Qh4 21. Kg1 Rf7
22. Bf2 Qg5 23. Be3 f4 24. Bf2 Ng3 25. hxg3 fxg3 26. Bd4 Qh4 27. Kf1 Raf8 28.
Re4 Qh1+ 29. Bg1 Rxf3+ 30. gxf3 Rxf3+ 31. Ke2 Rxc3 32. Rf1 Qxe4+ {White resigns}
0-1

[Event "Team 45 45 League T44"]
[Site "Internet Chess Club"]
[Date "2010.02.21"]
[Round "3"]
[White "FatTire"]
[Black "scottrugby"]
[Result "0-1"]
[WhiteElo "1246"]
[BlackElo "1439"]
[Opening "Pirc defense"]
[ECO "B07"]
[Time "16:00:11"]
[TimeControl "2700+45"]

1. d4 Nf6 2. Nc3 g6 3. e4 d6 4. h3 Bg7 5. g4 Nc6 6. Nf3 e5 7. Bb5 exd4 8. Nxd4
Bd7 9. Nxc6 Bxc6 10. Bxc6+ bxc6 11. Be3 a6 12. Qf3 O-O 13. O-O-O Nd7 14. h4 Ne5
15. Qg3 Nc4 16. Bd4 Qb8 17. b3 Bxd4 18. Rxd4 Ne5 19. h5 Qb6 20. Ne2 Rab8 21. f4
c5 22. Rd5 Nc4 23. hxg6 fxg6 24. Rdh5 Rf7 25. f5 Ne5 26. Nf4 d5 27. fxg6 Nxg6
28. Rh6 Qd6 29. Rxg6+ hxg6 30. Rh8+ Kxh8 31. Qh4+ Rh7 32. Qg5 Rg8 33. Nxd5 Rf8
34. Kb2 c6 35. Nc3 c4 36. e5 Qd4 37. e6 Rf3 38. Qxg6 Qxc3+ 39. Ka3 Qa5+ 40. Kb2
c3+ 41. Kc1 Rh1# {White checkmated} 0-1

[Event "Team 45 45 League T44"]
[Site "Internet Chess Club"]
[Date "2010.02.20"]
[Round "3"]
[White "Just-Jim"]
[Black "VerticalMotion"]
[Result "0-1"]
[WhiteElo "1350"]
[BlackElo "1366"]
[Opening "Two knights defense"]
[ECO "C57"]
[Time "14:00:11"]
[TimeControl "2700+45"]

1. e4 e5 2. Nf3 Nc6 3. Bc4 Nf6 4. Ng5 d5 5. Bxd5 Nxd5 6. exd5 Qxg5 7. dxc6 bxc6
8. Qf3 Bd7 9. O-O Bd6 10. Nc3 O-O 11. d3 Qg6 12. Ne4 Bg4 13. Qg3 f5 14. Nxd6
cxd6 15. f3 f4 16. Qxg4 Qf6 17. g3 Qh6 18. Qh4 Qg6 19. Kf2 Qf5 20. gxf4 exf4 21.
Bxf4 Rf6 22. Rae1 Qc5+ 23. Be3 Qxc2+ 24. Re2 Qxd3 25. Rg1 Raf8 26. f4 Rh6 27.
Qg3 Rg6 28. Qf3 Rxg1 29. Kxg1 Qd1+ 30. Kf2 d5 31. Bxa7 d4 32. Re4 Qd2+ 33. Qe2
Rxf4+ 34. Rxf4 Qxf4+ 35. Ke1 Qc1+ 36. Kf2 Qf4+ 37. Kg1 Qc1+ 38. Kf2 Qf4+ 39. Ke1
Qc1+ 40. Qd1 Qe3+ 41. Kf1 Qh3+ 42. Ke1 Qe3+ 43. Qe2 Qc1+ 44. Kf2 Qf4+ 45. Kg1
Qc1+ 46. Kg2 Qg5+ 47. Kh1 Qd5+ 48. Qg2 Qxa2 49. Bxd4 Qb1+ 50. Bg1 c5 51. Qd5+
Kf8 52. Qxc5+ Kf7 53. Qd5+ Kf6 54. Qd4+ Kf5 55. Kg2 Qc2+ 56. Bf2 Qc6+ 57. Kh3
Qf3+ 58. Kh4 g5# {White checkmated} 0-1

[Event "Team 45 45 League T44"]
[Site "Internet Chess Club"]
[Date "2010.02.21"]
[Round "3"]
[White "carambola"]
[Black "OutofBook"]
[Result "0-1"]
[WhiteElo "1271"]
[BlackElo "1322"]
[Opening "Polish (Sokolsky) opening"]
[ECO "A00"]
[Time "12:00:43"]
[TimeControl "2700+45"]

1. b4 e5 2. Bb2 d6 3. e4 Nf6 4. Bc4 Be6 5. Bb5+ c6 6. Bd3 Nbd7 7. Nc3 d5 8. a3
d4 9. Nce2 Be7 10. Ng3 O-O 11. h3 Qb6 12. Nf3 h6 13. Nh4 g6 14. O-O a5 15. c3
Nxe4 16. Nxg6 fxg6 17. Bxe4 dxc3 18. dxc3 Bh4 19. Kh2 Rxf2 20. Bc1 Raf8 21. Bf3
Bxg3+ 22. Kxg3 Rxf1 23. Qxf1 e4 24. Bxh6 Rf6 25. Bg5 Rf5 26. Bf4 exf3 27. Qxf3
g5 28. Qh5 gxf4+ 29. Kg4 Rxh5+ 30. Kxh5 Qf2 31. bxa5 Qxg2 32. Rb1 f3 33. h4 f2
34. Rxb7 f1=Q 35. Rc7 Qg4+ 36. Kh6 Qf6# {White checkmated} 0-1

[Event "Team 45 45 League T44"]
[Site "Internet Chess Club"]
[Date "2010.02.20"]
[Round "3"]
[White "medsurg"]
[Black "ElmerHo"]
[Result "1-0"]
[WhiteElo "1372"]
[BlackElo "1480"]
[Opening "Two knights defense"]
[ECO "C56"]
[Time "21:00:26"]
[TimeControl "2700+45"]

1. e4 e5 2. Bc4 Nf6 3. d4 exd4 4. Nf3 Nc6 5. O-O Nxe4 6. Re1 d5 7. Bxd5 Qxd5 8.
Nc3 Qa5 9. Nxe4 Be6 10. Neg5 O-O-O 11. Nxe6 fxe6 12. Rxe6 Bd6 13. Bg5 Rde8 14.
Qe2 Kd7 15. Re1 Qxe1+ 16. Nxe1 Rxe6 17. Qg4 Re8 18. Nd3 h6 19. Bf4 Kd8 20. g3
Bxf4 21. Qxf4 b6 22. Qf7 R8e7 23. Qf8+ Kd7 24. Qf5 Kd8 25. Qf8+ Kd7 26. b4 Rf6
27. Qg8 Nd8 28. Qd5+ Rd6 29. Ne5+ Rxe5 30. Qxe5 g5 31. f4 gxf4 32. Qxf4 Nc6 33.
Qf7+ Ne7 34. Qf3 Nd5 35. Qg4+ Kc6 36. Qxd4 Kb7 37. a3 Nf6 38. Qf4 Nd5 39. Qf3
Kc8 40. c4 Nf6 41. Qa8+ Kd7 42. Qxa7 Rd1+ 43. Kg2 Ng4 44. Qa4+ {Black resigns}
1-0

[Event "Team 45 45 League T44"]
[Site "Internet Chess Club"]
[Date "2010.02.22"]
[Round "3"]
[White "houseofcook"]
[Black "milesotoole"]
[Result "1-0"]
[WhiteElo "1476"]
[BlackElo "1393"]
[Opening "Sicilian: Smith-Morra gambit"]
[ECO "B21"]
[Time "13:00:13"]
[TimeControl "2700+45"]

1. e4 c5 2. d4 cxd4 3. c3 g6 4. cxd4 d5 5. e5 Bg7 6. Nf3 Bg4 7. Be2 f6 8. Bf4
Nc6 9. Qa4 Qa5+ 10. Qxa5 Nxa5 11. Nbd2 Nc6 12. h3 Bxf3 13. Nxf3 Nh6 14. O-O O-O
15. Rfd1 fxe5 16. Bxh6 Bxh6 17. dxe5 e6 18. Nd4 Nxd4 19. Rxd4 Rae8 20. g3 Bg7
21. f4 Rc8 22. Bg4 Rfe8 23. Rad1 Bf8 24. b4 Rc2 25. a3 Rc3 26. R4d3 Rc2 27. R3d2
Rc3 28. Rd3 Rc2 29. R3d2 Rc4 30. Rd4 Rc6 31. h4 h5 32. Bh3 Ra6 33. R4d3 Kf7 34.
Rc1 Rc6 35. Rxc6 bxc6 36. Rc3 Rc8 37. Kf2 c5 38. Ke2 Ke8 39. Bxe6 Rc6 40. Bxd5
Rc7 41. b5 Kd8 42. a4 c4 43. Rxc4 Bc5 44. Be4 Bb6 45. Rxc7 Bxc7 46. Bxg6 {Black
resigns} 1-0

[Event "Team 45 45 League T44"]
[Site "Internet Chess Club"]
[Date "2010.02.21"]
[Round "3"]
[White "MateIn42"]
[Black "Zohan"]
[Result "0-1"]
[WhiteElo "1386"]
[BlackElo "1506"]
[Opening "Sicilian: Hungarian variation"]
[ECO "B34"]
[Time "19:00:53"]
[TimeControl "2700+45"]

1. e4 c5 2. Nf3 g6 3. d4 cxd4 4. Nxd4 Nc6 5. b3 Bg7 6. Bb2 Qb6 7. c3 Nf6 8. Nxc6
bxc6 9. Bd3 e5 10. Nd2 d5 11. O-O O-O 12. h3 Qd8 13. Qe2 Nh5 14. Nf3 Nf4 15. c4
Nxe2+ {White resigns} 0-1

[Event "Team 45 45 League T44"]
[Site "Internet Chess Club"]
[Date "2010.02.20"]
[Round "3"]
[White "JimGaming"]
[Black "Toalla"]
[Result "0-1"]
[WhiteElo "1276"]
[BlackElo "1327"]
[Opening "Sicilian defense"]
[ECO "B33"]
[Time "14:10:40"]
[TimeControl "2700+45"]

1. e4 c5 2. Nf3 Nc6 3. d4 cxd4 4. Nxd4 Nf6 5. Nc3 a6 6. Nxc6 bxc6 7. Bc4 e6 8.
Bg5 Be7 9. O-O O-O 10. f4 d5 11. exd5 exd5 12. Bd3 Qb6+ 13. Kh1 Qxb2 14. Qd2 Qa3
15. Rfb1 Qd6 16. Ne2 Rb8 17. c3 Bb7 18. Bxf6 Bxf6 19. Rb3 c5 20. Rab1 Qc6 21.
Rb6 Qc7 22. R1b3 c4 23. Rxb7 Rxb7 24. Rxb7 Qxb7 25. Bf5 g6 26. Bg4 a5 27. h3 a4
28. Nd4 Re8 29. f5 Qb1+ 30. Kh2 Re4 31. Bf3 Be5+ 32. g3 Qe1 33. Qxe1 Rxe1 34.
fxg6 hxg6 35. Kg2 Re3 {White forfeits on time} 0-1

[Event "Team 45 45 League T44"]
[Site "Internet Chess Club"]
[Date "2010.02.22"]
[Round "3"]
[White "philosopherking"]
[Black "Theodulf"]
[Result "0-1"]
[WhiteElo "1551"]
[BlackElo "1646"]
[Opening "QGD: Tarrasch defense"]
[ECO "D32"]
[Time "20:01:38"]
[TimeControl "2700+45"]

1. d4 d5 2. c4 e6 3. Nc3 c5 4. Nf3 Nc6 5. cxd5 exd5 6. dxc5 Nf6 7. Bf4 Bxc5 8.
a3 O-O 9. Nb5 Qa5+ 10. Nc3 d4 11. b4 Bxb4 12. axb4 Qxb4 13. Ra4 Qxc3+ 14. Bd2
Qc5 15. Bc1 Rd8 16. Bb2 Bg4 17. Bxd4 Nxd4 18. Rxd4 Qa5+ 19. Qd2 Qa1+ 20. Qd1
Qxd1+ 21. Rxd1 Rxd1+ 22. Kxd1 Ne4 23. Ke1 Rc8 24. e3 Rc1+ 25. Ke2 a5 26. h3 Bh5
27. g4 Bg6 28. Nd4 a4 29. f4 Ng3+ 30. Kd2 Rxf1 31. Rxf1 Nxf1+ 32. Ke2 Ng3+ 33.
Kf3 Be4+ 34. Kxg3 a3 35. Nb3 Bc2 36. Na1 Ba4 37. Kf2 f6 38. Ke2 Kf7 39. Kd3 Ke6
40. Kd4 g5 41. f5+ Kd6 42. Kd3 Kc5 43. e4 a2 44. Kc3 b5 45. Kb2 Kd4 46. Kxa2
Kxe4 47. Kb2 Kf3 48. Kc3 Kg3 {White resigns} 0-1

[Event "Team 45 45 League T44"]
[Site "Internet Chess Club"]
[Date "2010.02.20"]
[Round "3"]
[White "FractalDante"]
[Black "kingphisch"]
[Result "1/2-1/2"]
[WhiteElo "1419"]
[BlackElo "1505"]
[Opening "Caro-Kann: two knights variation"]
[ECO "B11"]
[Time "13:00:25"]
[TimeControl "2700+45"]

1. e4 c6 2. Nc3 d5 3. Nf3 dxe4 4. Nxe4 Nd7 5. Bc4 Ngf6 6. d3 e6 7. O-O b5 8. Bb3
Bb7 9. Bf4 Nxe4 10. dxe4 Nf6 11. e5 Nd5 12. Bd2 Be7 13. a3 O-O 14. c4 Nb6 15.
cxb5 cxb5 16. Ba5 Qxd1 17. Bxd1 Nd5 18. Rc1 Rac8 19. Be2 a6 20. Bd2 Rfd8 21.
Rfe1 b4 22. axb4 Nxb4 23. Rxc8 Rxc8 24. Rc1 Rxc1+ 25. Bxc1 a5 26. Nd4 Ba6 27.
Bxa6 Nxa6 28. Nc6 Bb4 29. Kf1 Nc5 30. Ke2 Kf8 31. Nxb4 axb4 32. Bd2 Na6 33. Kd3
Ke8 34. Kc4 b3 35. Be3 Kd7 36. Kxb3 Kc6 37. Kc4 Nc7 38. b4 Nb5 39. Bc5 Na3+ 40.
Kd4 Nb5+ 41. Kc4 Na3+ 42. Kb3 Nb5 43. Ka4 f6 44. exf6 gxf6 45. h4 f5 46. f4 Nc3+
47. Kb3 Nb5 48. Kc4 {Game drawn by mutual agreement} 1/2-1/2

[Event "Team 45 45 League T44"]
[Site "Internet Chess Club"]
[Date "2010.02.23"]
[Round "3"]
[White "MarkNY"]
[Black "AntMantis"]
[Result "0-1"]
[WhiteElo "1515"]
[BlackElo "1899"]
[Opening "Scandinavian (center counter) defense"]
[ECO "B01"]
[Time "21:05:38"]
[TimeControl "2700+45"]

1. e4 d5 2. exd5 Qxd5 3. Nc3 Qa5 4. d4 c6 5. Nf3 Nf6 6. Bc4 Bf5 7. O-O Nbd7 8.
Re1 e6 9. a3 Be7 10. Nh4 Bg4 11. f3 Qh5 12. fxg4 Qxh4 13. g5 Ng4 14. Qf3 Qxe1+
15. Bf1 Bxg5 16. Bxg5 Qxa1 17. Ne4 O-O 18. h3 f5 19. hxg4 fxe4 20. Qxe4 Rxf1+
21. Kh2 Rh1+ 22. Kg3 Qe1+ 23. Kf3 Rf1# {White checkmated} 0-1

[Event "Team 45 45 League T44"]
[Site "Internet Chess Club"]
[Date "2010.02.22"]
[Round "3"]
[White "Karan99"]
[Black "vollmerj"]
[Result "0-1"]
[WhiteElo "1579"]
[BlackElo "1742"]
[Opening "Philidor: Improved Hanham variation"]
[ECO "B07"]
[Time "19:01:14"]
[TimeControl "2700+45"]

1. e4 d6 2. d4 Nf6 3. Nc3 Nbd7 4. Nf3 e5 5. dxe5 dxe5 6. Bc4 Be7 7. O-O O-O 8.
Be3 c6 9. Qe2 b5 10. Bb3 a5 11. a3 Ba6 12. Nb1 b4 13. Bc4 Bb7 14. Nbd2 Qc7 15.
Bg5 Nb6 16. Rfd1 Nxc4 17. Nxc4 bxa3 18. bxa3 Ba6 19. Nfd2 Rfd8 20. Qe3 Rd4 21.
f3 Bc5 22. Qf2 Rxc4 23. Be3 Bxe3 24. Qxe3 Rxc2 25. Qb3 Rc5 26. Rab1 Rb5 {White
resigns} 0-1

[Event "Team 45 45 League T44"]
[Site "Internet Chess Club"]
[Date "2010.02.23"]
[Round "3"]
[White "Ehab"]
[Black "koni"]
[Result "1/2-1/2"]
[WhiteElo "1931"]
[BlackElo "2045"]
[Opening "Pirc: classical (two knights) system"]
[ECO "B08"]
[Time "14:01:19"]
[TimeControl "2700+45"]

1. e4 d6 2. Nf3 Nf6 3. Nc3 g6 4. d4 Bg7 5. Bb5+ c6 6. Bd3 Nbd7 7. Qe2 e5 8. Bg5
O-O 9. O-O Qc7 10. Rad1 b5 11. d5 cxd5 12. Nxb5 Qc5 13. exd5 Nxd5 14. Be4 Bb7
15. c4 Nf4 16. Bxf4 Bxe4 17. Qxe4 exf4 18. Rxd6 Nb6 19. Rc6 Qb4 20. b3 Rae8 21.
Qxf4 Re2 22. a3 Qa5 23. Qc7 Rc8 24. Qxa7 Qxa7 25. Nxa7 Rxc6 26. Nxc6 Rb2 27.
Nfd4 Rd2 28. Nb5 Rb2 29. Na5 Bh6 30. f4 Bf8 31. b4 Rc2 32. c5 Nd5 33. Rf3 Rb2
34. g3 Bxc5+ 35. bxc5 Rxb5 36. Nb3 Kf8 37. Rd3 Nc7 38. c6 Ke8 39. a4 Rb6 40. Na5
Ra6 41. Re3+ Kf8 42. Re5 f6 43. Rc5 Ke7 44. f5 g5 45. Kf2 h5 46. Kf3 Rb6 47. h4
Rb1 48. hxg5 fxg5 49. Nc4 Kf6 50. g4 Rb3+ 51. Ke2 hxg4 52. Ne3 g3 53. Ng4+ Kf7
54. Ne5+ Kf6 55. Nd7+ Kf7 56. f6 g4 57. Rg5 Rb2+ 58. Kf1 Ne6 59. Rxg4 Ra2 60. a5
Rxa5 61. c7 Ra8 62. Rh4 Rc8 63. Rh7+ Kg6 64. Re7 Rxc7 65. f7 Rc8 66. Ne5+ Kf6
67. Re8 Rc1+ 68. Kg2 Nf4+ 69. Kxg3 Ng6 70. Rg8 Kxe5 71. Rxg6 Rf1 72. Rg7 {Game
drawn by mutual agreement} 1/2-1/2